 Dungeon Crawl Stone Soup version 0.22-b1-26-g9dbaab1 (webtiles) character file.

1094 Loudmushroom the Cleaver (level 8, -1/70 HPs)
             Began as a Minotaur Berserker on Aug 6, 2018.
             Was a Priest of Trog.
             Slain by a bullfrog (4 damage)
             ... on level 7 of the Dungeon.
             The game lasted 00:37:17 (4039 turns).

Loudmushroom the Cleaver (Minotaur Berserker)       Turns: 4039, Time: 00:37:17

Health: -1/70      AC: 14    Str: 22    XL:     8   Next: 9%
Magic:  7/7        EV:  8    Int:  4    God:    Trog [***...]
Gold:   174        SH:  0    Dex: 12    Spells: 7/7 levels left

rFire    . . .     SeeInvis +   a - +0 hand axe
rCold    . . .     Gourm    .   (no shield)
rNeg     . . .     Faith    .   w - +0 plate armour
rPois    .         Spirit   .   (helmet restricted)
rElec    .         Reflect  .   (no cloak)
rCorr    .         Harm     .   C - +1 pair of gloves
MR       .....                  (no boots)
Stlth    ..........             (no amulet)
HPRegen  0.21/turn              k - ring of see invisible
MPRegen  0.10/turn              (no ring)

@: no status effects
A: retaliatory headbutt, horns 2
a: Berserk, Trog's Hand, Renounce Religion


You were on level 7 of the Dungeon.
You worshipped Trog.
Trog was most pleased with you.
You were not hungry.

You visited 1 branch of the dungeon, and saw 6 of its levels.

You collected 174 gold pieces.

Inventory:

Hand Weapons
 a - a +0 hand axe (weapon)
 b - a cursed -3 morningstar
Missiles
 d - 100 stones
 p - 33 arrows
 A - 3 javelins of returning (quivered)
 D - 3 tomahawks
 F - 10 poisoned needles
Armour
 w - a +0 plate armour (worn)
 C - a +1 pair of gloves (worn)
Jewellery
 k - a ring of see invisible (left hand)
 r - an uncursed ring of teleportation
 t - a +4 ring of intelligence {unknown}
Wands
 v - a wand of polymorph (16)
 y - a wand of disintegration (8)
Scrolls
 f - 2 scrolls of identify
 g - 2 scrolls of teleportation
 s - a scroll of fog {unknown}
 x - 2 scrolls of blinking
 B - a scroll of remove curse
 E - 2 scrolls of immolation
 G - a scroll of fear
Potions
 e - 4 potions of flight
 h - a potion of mutation {unknown}
 i - a potion of magic {unknown}
 j - a potion of brilliance {unknown}
 m - 2 potions of ambrosia {unknown}
 n - 6 potions of curing
 o - a potion of resistance {unknown}
 q - a potion of might {unknown}
 u - a potion of lignification {unknown}
 z - 2 potions of heal wounds {unknown}
Comestibles
 c - 6 rations


   Skills:
 + Level 6.2 Fighting
 * Level 8.1 Axes
 + Level 5.5 Armour
 + Level 5.0 Dodging


You had 7 spell levels left.
You didn't know any spells.
Your spell library was empty.

Dungeon Overview and Level Annotations

Branches:
Dungeon (5/15)
 Temple: D:4-7

Altars:
Trog

Portals:
Abyss: D:1***


Innate Abilities, Weirdness & Mutations

You reflexively headbutt those who attack you in melee.
You have a pair of horns on your head.


Message History

Trog accepts your kill.
You miss the phantom. You hit the bullfrog.
The phantom hits you but does no damage.
The bullfrog hits you.
* * * LOW HITPOINT WARNING * * *
You completely miss the bullfrog.
The bullfrog is almost dead.
You hit the phantom but do no damage. The bullfrog barely misses you.
The phantom hits you.
* * * LOW HITPOINT WARNING * * *
The phantom blinks!
You hit the bullfrog but do no damage. Your headbutt misses the bullfrog.
The bullfrog is almost dead.
The bullfrog hits you.
* * * LOW HITPOINT WARNING * * *
The bullfrog hits you but does no damage.
You closely miss the bullfrog. Your headbutt misses the bullfrog.
The bullfrog is almost dead.
The bullfrog hits you.
You die...

.# .# .#
##########$##
+..)........
#(.........#
#.......F†.# ###
#.......†@.# .....
#.......†.†#
#.....##...W......#
#.................#
#.................#
#.................#
#...........#+#.....#
#...........# #.###.#
#.......!.### ... .#


You could see a phantom and a bullfrog.

Vanquished Creatures
  An ice beast (D:5)
  The ghost of Alter the Slasher, an amateur DrCK of Xom (D:3)
  2 ogres
  5 killer bees (D:7)
  2 crimson imps (D:5)
  3 hounds
  2 orc wizards
  2 bullfrog skeletons (D:5)
  A worker ant (D:4)
  A hound skeleton (D:5)
  Robin (D:3)
  4 gnolls
  4 adders
  A shadow imp (D:5)
  3 adder skeletons
  4 worms
  2 dart slugs
  2 leopard geckos
  9 orcs
  2 ball pythons
  5 giant cockroaches
  11 hobgoblins
  4 kobolds
  5 quokkas
  13 bats
  3 frilled lizards
  16 goblins
  A leopard gecko skeleton (D:3)
  8 rats
118 creatures vanquished.

Notes
Turn   | Place    | Note
-------+----------+-------------------------------------------
     0 | D:1      | Loudmushroom the Minotaur Berserker began the quest for the Orb.
     0 | D:1      | Reached XP level 1. HP: 19/19 MP: 0/0
    72 | D:1      | Reached XP level 2. HP: 23/27 MP: 1/1
   174 | D:1      | Reached skill level 4 in Axes
   788 | D:2      | Reached XP level 3. HP: 29/33 MP: 2/2
  1217 | D:2      | Reached XP level 4. HP: 40/40 MP: 3/3
  1487 | D:2      | Reached skill level 5 in Axes
  1530 | D:3      | Reached ** piety under Trog
  1559 | D:3      | Found a runed door.
  1561 | D:3      | Noticed Alter's ghost (amateur DrCK)
  1593 | D:3      | Killed Alter's ghost
  1593 | D:3      | Reached XP level 5. HP: 47/47 MP: 4/4
  1734 | D:3      | Noticed Robin
  1745 | D:3      | Killed Robin
  1993 | D:3      | Reached XP level 6. HP: 51/55 MP: 5/5
  2074 | D:3      | Reached *** piety under Trog
  2220 | D:3      | Noticed a moth of wrath
  2223 | D:3      | Found a bloodstained altar of Trog.
  2235 | D:3      | Reached skill level 6 in Axes
  2558 | D:4      | Reached skill level 5 in Fighting
  3317 | D:5      | Entered Level 5 of the Dungeon
  3317 | D:5      | Noticed an ice beast
  3328 | D:5      | Killed an ice beast
  3328 | D:5      | Reached XP level 7. HP: 53/61 MP: 6/6
  3467 | D:5      | Reached skill level 7 in Axes
  3518 | D:5      | Reached skill level 5 in Armour
  4011 | D:5      | You fall through a shaft for 2 floors!
  4029 | D:7      | Reached skill level 8 in Axes
  4029 | D:7      | Reached XP level 8. HP: 11/70 MP: 7/7
  4030 | D:7      | Reached skill level 5 in Dodging
  4038 | D:7      | HP: 3/70 [bullfrog (4)]
  4039 | D:7      | Slain by a bullfrog

Skill      XL: |  1  2  3  4  5  6  7  8 |
---------------+-------------------------+-----
Axes           | 4 5 6 8 |  8.1
Fighting       | 4 5 6 |  6.2
Armour         | 3 4 5 |  5.5
Dodging        | 3 4 5 |  5.0

Action                   |  1- 3 |  4- 6 |  7- 9 || total
-------------------------+-------+-------+-------++-------
Melee: Hand axe          |    67 |   142 |    85 ||   294
       Headbutt          |    10 |    19 |    17 ||    46
Throw: Stone             |       |     6 |       ||     6
       Javelin           |       |     9 |     7 ||    16
Invok: Berserk           |       |     5 |       ||     5
  Use: Scroll            |       |    10 |       ||    10
       Potion            |       |       |     1 ||     1
 Stab: Sleeping          |     1 |       |       ||     1
  Eat: Chunk             |     1 |    10 |       ||    11
       Ration            |       |     1 |       ||     1
Armor: Animal skin       |    16 |       |       ||    16
       Plate armour      |    21 |    94 |    99 ||   214
Dodge: Dodged            |    45 |    67 |    55 ||   167
